 Dungeon Crawl Stone Soup version 0.27-a0-1188-g73eefd5def (webtiles) character file.

Game seed: 543883219779473386

17957 siradein the Grappler (level 12, -16/127 HPs)
             Began as a Troll Monk on May 22, 2021.
             Was an Elder of Wu Jian.
             Demolished by a cane toad (20 damage)
             ... on level 2 of the Lair of Beasts.
             The game lasted 00:54:50 (10716 turns).

siradein the Grappler (Troll Monk)                 Turns: 10716, Time: 00:54:50

Health: -16/127    AC: 11    Str: 24    XL:     12   Next: 23%
Magic:  11/11      EV: 12    Int:  9    God:    Wu Jian [****..]
Gold:   763        SH:  0    Dex: 14    Spells: 11/11 levels left

rFire    . . .     SeeInvis .     - Unarmed
rCold    . . .     Faith    .   (no shield)
rNeg     . . .     Spirit   .   f - +0 troll leather armour
rPois    .         Reflect  .   (helmet restricted)
rElec    .         Harm     .   R - +0 cloak
rCorr    .         Rampage  .   (gloves unavailable)
Will     ++...                  (boots unavailable)
Stlth    +.........             j - amulet of the acrobat
HPRegen  2.31/turn              c - +4 ring of protection
MPRegen  0.12/turn              K - ring of the Mage {Wiz Will++ Int+3}

@: lethally poisoned (-16 -> -35)
A: large, unfitting armour, claws 3, regeneration 1, shaggy fur 1, tough skin 1
a: Renounce Religion, Wall Jump, Serpent's Lash


You were on level 2 of the Lair of Beasts.
You worshipped Wu Jian.
Wu Jian was greatly pleased with you.
You visited 3 branches of the dungeon, and saw 14 of its levels.

You collected 763 gold pieces.

Inventory:

Hand Weapons
 Q - a +4 quarterstaff of chaos
Missiles
 g - 2 throwing nets
 m - 259 stones
 u - 61 poisoned darts
 J - 6 javelins
 N - 2 curare-tipped darts
 P - 3 silver boomerangs
Armour
 f - a +0 troll leather armour (worn)
 w - a +0 tower shield
 R - a +0 cloak (worn)
Jewellery
 a - a +6 ring of dexterity
 c - a +4 ring of protection (left claw)
 h - an amulet of magic regeneration
 j - an amulet of the acrobat (around neck)
 r - a ring of willpower
 y - a ring of positive energy
 A - a ring of fire
 K - the ring of the Mage (right claw) {Wiz Will++ Int+3}
   (You found it on level 8 of the Dungeon)

   [ring of wizardry]

   It improves your spell success rate.
   It affects your intelligence (+3).
   It greatly increases your willpower.
 S - a ring of positive energy
Wands
 s - a wand of flame (16)
 F - a wand of paralysis (23)
 I - a wand of iceblast (9)
 M - a wand of acid (10)
Scrolls
 d - 3 scrolls of teleportation
 e - a scroll of brand weapon {unknown}
 i - 3 scrolls of silence {unknown}
 p - 3 scrolls of noise {unknown}
 q - a scroll of magic mapping {unknown}
 t - 2 scrolls of acquirement {unknown}
 v - 2 scrolls of fog {unknown}
 z - a scroll of blinking {unknown}
 D - a scroll of enchant armour {unknown}
 E - a scroll of holy word {unknown}
 H - 4 scrolls of amnesia {unknown}
 O - 2 scrolls of fear {unknown}
 T - 3 scrolls of vulnerability {unknown}
 V - a scroll of enchant weapon {unknown}
Potions
 b - a potion of magic
 k - a potion of flight
 l - 2 potions of brilliance
 n - 5 potions of curing
 o - 4 potions of heal wounds
 x - a potion of resistance
 B - 6 potions of attraction {unknown}
 C - a potion of cancellation {unknown}
 G - 2 potions of berserk rage {unknown}
 L - 2 potions of invisibility {unknown}
 U - a potion of might {unknown}


   Skills:
 + Level 10.4 Fighting
 + Level 5.6 Throwing
 + Level 3.7 Armour
 + Level 5.8 Dodging
 - Level 1.0 Stealth
 * Level 13.0 Unarmed Combat


You had 11 spell levels left.
You didn't know any spells.
Your spell library contained the following spells:

 Spells                   Type           Power      Damage    Failure   Level
 Magic Dart               Conj           0%         1d3       17%         1
 Sandblast                Erth           0%         2d4       17%         1
 Sting                    Tmut/Pois      0%         1d3       17%         1
 Blink                    Tloc           N/A        N/A       26%         2
 Call Imp                 Summ           0%         N/A       26%         2
 Passwall                 Tmut/Erth      0%         N/A       26%         2
 Poisonous Vapours        Pois/Air       0%         N/A       26%         2
 Slow                     Hex            0%         N/A       26%         2
 Confusing Touch          Hex            0%         N/A       45%         3
 Conjure Flame            Conj/Fire      0%         6-21      45%         3
 Gell's Gravitas          Tloc           0%         N/A       45%         3
 Ignite Poison            Fire/Tmut/Pois 0%         N/A       45%         3
 Mephitic Cloud           Conj/Pois/Air  0%         N/A       45%         3
 Stone Arrow              Conj/Erth      0%         3d7       45%         3
 Olgreb's Toxic Radiance  Pois           0%         N/A       85%         4
 Petrify                  Tmut/Erth      0%         N/A       85%         4
 Lee's Rapid Deconstruct  Erth           0%         3d5*      99%         5
 Metabolic Englaciation   Hex/Ice        0%         N/A       99%         5
 Yara's Violent Unravell  Hex/Tmut       0%         3d3       99%         5


Dungeon Overview and Level Annotations

Branches:
Dungeon (11/15)            Temple (1/1) D:7            Lair (2/6) D:11
    Orc (0/2) D:9
  Swamp: Lair:2-4    Shoals: Lair:2-4     Snake: Lair:2-4    Spider: Lair:2-4

Altars:
Ashenzari
Cheibriados
Dithmenos
Elyvilon
Fedhas
Gozag
Hepliaklqana
Kikubaaqudgha
Makhleb
Nemelex Xobeh
Okawaru
Qazlal
Ru
Sif Muna
Trog
Uskayaw
Vehumet
Wu Jian
Xom
Yredelemnul
Zin
The Shining One
Beogh

Shops:
D:9 *(!

Annotations:
D:11 2 transporters, 1 runed translucent door, DemonSlayer's ghost, journeyman HuBe


Innate Abilities, Weirdness & Mutations

You are too large for most types of armour.
You have claws for hands.
Your natural rate of healing is unusually fast.
You are covered in fur. (AC +1)
You have tough skin. (AC +1)


Message History

You closely miss the water moccasin. x2
You repeatedly attack the cane toad from above.
You mangle the cane toad!!
The cane toad is severely wounded.
You claw the cane toad! You claw the cane toad.
You kill the cane toad!
The Council accepts your kill.
You feel extremely sick.
The water moccasin bites you but does no damage.
The cane toad misses you. The cane toad stings you!
The water moccasin barely misses you.
The cane toad stings you but does no damage.
The water moccasin bites you. The cane toad stings you.
The water moccasin bites you.
The cane toad stings you but does no damage.
The water moccasin bites you.
Unknown command.
You feel very sick. The cane toad stings you!
* * * LOW HITPOINT WARNING * * *
You are more poisoned.
The cane toad poisons you!
The water moccasin completely misses you.
Aiming: Wall Jump
Press: ? - help, Dir - move target You repeatedly attack the water moccasin from above.
A komodo dragon comes into view.
The komodo dragon hisses angrily.
You mangle the water moccasin!!
You kill the water moccasin!
The Council accepts your kill.
A rime drake comes into view.
You feel extremely sick. The cane toad stings you!
* * * LOW HITPOINT WARNING * * *
The water moccasin misses you. The cane toad stings you!
* * * LOW HITPOINT WARNING * * *
You are more poisoned.
The cane toad poisons you! The cane toad stings you!!
You die...

#.#.#P.#.
###!......
#........##
#....#...# ##
#....$...##.#
#.#....<.#..#
#.P...F.....#
#...#○FS††..#
#... ##@F†..## #.
#PF°##†..#
...........(....
.?..#..P#....P#.#
#........#...## #
#..kl.........#
###..##.....#..
#.. ###[##...#


You could see a komodo dragon, 4 cane toads, a rime drake and a water moccasin.

Vanquished Creatures
  Gastronok (Lair:1)
  Harold (D:7)
  A hydra (Lair:1)
  4 two-headed ogres
  A tengu warrior (D:9)
  A deep elf pyromancer (D:9)
  A black mamba (Lair:1)
  5 cane toads
  3 komodo dragons
  3 hornets
  3 trolls
  A shadow (D:9)
  5 wyverns
  9 yaks
  A basilisk (Lair:1)
  Menkaure (D:4)
  A vampire mosquito (D:9)
  Duvessa (D:6)
  An acid dragon (D:8)
  6 water moccasins
  2 sky beasts (D:6)
  An ice beast (D:6)
  6 orc warriors
  A black bear (D:11)
  An ogre (D:6)
  4 centaurs
  2 kobold brigands
  7 bullfrogs
  Blork the orc (D:6)
  4 gnoll sergeants
  Dowan (D:6)
  5 wights
  12 killer bees
  6 howler monkeys
  A bullfrog zombie (D:5)
  3 hounds
  4 jellies
  A bullfrog skeleton (D:6)
  3 orc priests
  Crazy Yiuf (D:3)
  3 iguanas
  8 orc wizards
  2 killer bee zombies
  A hound skeleton (D:5)
  4 howler monkey zombies
  23 gnolls
  6 adders
  A shadow imp (D:7)
  2 white imps
  2 ufetubi (D:5)
  An adder skeleton (D:4)
  A worm (D:2)
  3 dart slugs
  56 orcs
  3 endoplasms
  5 giant cockroaches
  8 goblins
  6 hobgoblins
  4 quokkas
  3 ball pythons (D:1)
  7 bats
  3 frilled lizards
  9 kobolds
  4 rats
281 creatures vanquished.

Vanquished Creatures (others)
  14 fungi (D:11)
  11 plants
  2 withered plants (D:11)
27 creatures vanquished.

Grand Total: 308 creatures vanquished

Notes
Turn   | Place    | Note
-------+----------+-------------------------------------------
     0 | D:1      | siradein the Troll Monk began the quest for the Orb.
     0 | D:1      | Reached XP level 1. HP: 22/22 MP: 0/0
    30 | D:1      | Found a faded altar of an unknown god.
   281 | D:1      | Reached XP level 2. HP: 24/29 MP: 1/1
   761 | D:2      | Found a basalt altar of Yredelemnul.
   797 | D:2      | Reached XP level 3. HP: 37/37 MP: 2/2
   810 | D:2      | Reached skill level 4 in Unarmed Combat
   857 | D:2      | Reached XP level 4. HP: 44/45 MP: 3/3
  1672 | D:3      | Reached XP level 5. HP: 40/54 MP: 4/4
  1803 | D:3      | Reached skill level 5 in Unarmed Combat
  1919 | D:3      | Found a runed translucent door.
  1920 | D:3      | Noticed Crazy Yiuf
  2016 | D:3      | Reached XP level 6. HP: 60/62 MP: 5/5
  2118 | D:3      | Found a snail-covered altar of Cheibriados.
  2124 | D:3      | Found a white marble altar of Elyvilon.
  2395 | D:4      | Noticed a wyvern
  2456 | D:5      | Entered Level 5 of the Dungeon
  2639 | D:5      | Found an ancient bone altar of Kikubaaqudgha.
  2639 | D:5      | Found a glowing silver altar of Zin.
  2685 | D:5      | Reached skill level 6 in Unarmed Combat
  2687 | D:5      | Reached skill level 5 in Fighting
  2687 | D:5      | Reached XP level 7. HP: 54/72 MP: 6/6
  2904 | D:5      | Found a shimmering altar of Xom.
  2984 | D:5      | Found an opulent altar of Gozag.
  3011 | D:6      | Noticed a two-headed ogre
  3112 | D:6      | Noticed Dowan
  3113 | D:6      | Noticed Duvessa
  3122 | D:6      | Killed Duvessa
  3123 | D:6      | Reached skill level 7 in Unarmed Combat
  3132 | D:6      | Killed Dowan
  3176 | D:6      | Found a glowing golden altar of the Shining One.
  3217 | D:6      | Killed a two-headed ogre
  3218 | D:6      | Reached skill level 8 in Unarmed Combat
  3218 | D:6      | Reached XP level 8. HP: 40/84 MP: 7/7
  3387 | D:6      | Found a radiant altar of Vehumet.
  3448 | D:6      | Reached skill level 9 in Unarmed Combat
  3448 | D:6      | Reached XP level 9. HP: 93/93 MP: 8/8
  3726 | D:6      | Noticed Blork the orc
  3735 | D:6      | Killed Blork the orc
  3951 | D:4      | Noticed Menkaure
  3959 | D:4      | Killed Menkaure
  4474 | D:7      | Found a staircase to the Ecumenical Temple.
  4593 | D:7      | Noticed Harold
  4614 | D:7      | Killed Harold
  4615 | D:7      | Reached skill level 10 in Unarmed Combat
  5131 | Temple   | Entered the Ecumenical Temple
  5422 | Temple   | Became a worshipper of the Wu Jian Council
  5422 | Temple   | Reached * piety under Wu Jian
  5422 | Temple   | Reached ** piety under Wu Jian
  5782 | D:8      | Found a hide-covered altar of Uskayaw.
  5816 | D:8      | Reached XP level 10. HP: 107/107 MP: 9/9
  6273 | D:8      | Found the ring of the Mage {Wiz Will++ Int+3}
  6357 | D:9      | Found Yfel's Antique Weapon Shop.
  6461 | D:9      | Paralysed by a hornet for 2 turns
  6466 | D:9      | Reached skill level 1 in Throwing
  6574 | D:9      | Found Abbusmou's Distillery.
  6618 | D:9      | Noticed a two-headed ogre
  6966 | D:8      | Reached skill level 11 in Unarmed Combat
  7102 | D:9      | Killed a two-headed ogre
  7141 | D:9      | Reached *** piety under Wu Jian
  7154 | D:9      | Noticed a deep elf pyromancer
  7184 | D:9      | Killed a deep elf pyromancer
  7233 | D:9      | Noticed a tengu warrior
  7250 | D:9      | Noticed a two-headed ogre
  7251 | D:9      | Killed a tengu warrior
  7252 | D:9      | Reached skill level 1 in Armour
  7252 | D:9      | Reached XP level 11. HP: 117/117 MP: 10/10
  7267 | D:9      | Killed a two-headed ogre
  7299 | D:9      | Paralysed by a hornet for 2 turns
  7533 | D:9      | Noticed a two-headed ogre
  7541 | D:9      | Killed a two-headed ogre
  7593 | D:9      | Found a staircase to the Orcish Mines.
  7887 | D:9      | Found Xaroecri's General Store.
  7993 | D:10     | Entered Level 10 of the Dungeon
  8030 | D:10     | Reached skill level 12 in Unarmed Combat
  8209 | D:10     | Reached skill level 10 in Fighting
  8270 | D:10     | Reached **** piety under Wu Jian
  8502 | D:10     | Identified the +0 chain mail of Daffodils {rElec Will+++
                  | Int-5 Stlth+}
  8668 | D:11     | Reached skill level 5 in Dodging
  8734 | D:11     | Noticed a five-headed hydra
  8799 | D:11     | Found a transporter.
  8823 | D:11     | Found a transporter.
  8823 | D:11     | Noticed a boulder beetle
  8824 | D:11     | Noticed a boulder beetle
  8894 | D:11     | Found a runed translucent door.
  8894 | D:11     | Noticed DemonSlayer's ghost (journeyman HuBe)
  9113 | D:3      | Killed Crazy Yiuf
  9567 | D:11     | Found a staircase to the Lair.
  9572 | Lair:1   | Entered Level 1 of the Lair of Beasts
  9723 | Lair:1   | Reached skill level 5 in Throwing
  9789 | Lair:1   | Noticed a four-headed hydra
  9814 | Lair:1   | HP: 2/117 [four-headed hydra (4)]
  9865 | Lair:1   | Killed a four-headed hydra
 10284 | Lair:1   | Noticed Gastronok
 10311 | Lair:1   | Killed Gastronok
 10312 | Lair:1   | Reached XP level 12. HP: 126/126 MP: 11/11
 10709 | Lair:2   | Reached skill level 13 in Unarmed Combat
 10716 | Lair:2   | HP: 4/127 [cane toad (15)]
 10716 | Lair:2   | Demolished by a cane toad

Illustrated notes

Levels and vault maps discovered:
D:1:      scummos_arrival_gate, layout_basic, serial_forest,
          infiniplex_forest_end_1, infiniplex_forest_straight_3,
          infiniplex_forest_lined_2, infiniplex_forest_clump_C,
          infiniplex_forest_lined_room_2, infiniplex_forest_end_1,
          infiniplex_forest_clump_curved, infiniplex_forest_clump_large,
          basic_ecumenical_altar
D:2:      layout_basic, basic_altar, minmay_split_cup_large
D:3:      layout_basic, amethyst_overflow_temple_binary, uniq_crazy_yiuf_cottage
D:4:      layout_cave_pools, grunt_ministairs_9, minmay_misc_feat_tiny,
          roderic_lattice_a, kennysheep_small_circle, uniq_menkaure
D:5:      layout_basic, kennysheep_mini, xom_butterflies,
          gammafunk_temple_overflow_statue, grunt_ministairs_2
D:6:      layout_loops_ring, nicolae_vehumet_radiance,
          overflow_temple_1_default, uniq_duvessa, uniq_blork_the_orc
D:7:      layout_basic, minmay_temple_entry_purple_smoke, uniq_harold
D:8:      layout_basic, eat_drink_and_be_merry_uskayaw
D:9:      cheibrodos_ideogram_h, layout_cross, serial_shops, nicolae_shop_trees,
          shop_coins, kennysheep_mini_moat
D:10:     layout_roguey [special_room_orc]
D:11:     gammafunk_boulding_lane, layout_irregular_city,
          grunt_lair_entry_orc_guard_hut, gammafunk_ghost_grave,
          minmay_mirror_moons_of_madness
Temple:   oiseaux_autumnal_temple
Lair:1:   layout_cave_pods, uniq_gastronok
Lair:2:   layout_loops_ring, minmay_snake_entry_six_corridors,
          beast_lair_carwin_10

Skill      XL: |  1  2  3  4  5  6  7  8  9 10 11 12 |
---------------+-------------------------------------+-----
Fighting       | 3 4 5 6 7 9 10 | 10.4
Unarmed Combat | 4 5 6 8 9 10 11 12 13 | 13.0
Throwing       | 3 5 |  5.6
Dodging        | 4 5 |  5.8
Armour         | 1 3 |  3.7
Stealth        | |  1.0

Action                   |  1- 3 |  4- 6 |  7- 9 | 10-12 || total
-------------------------+-------+-------+-------+-------++-------
Melee: Unarmed           |    53 |   141 |   192 |   447 ||   833
       Punch             |     1 |     3 |     7 |    16 ||    27
       Quarterstaff      |       |       |       |    10 ||    10
Throw: Dart              |       |       |     3 |       ||     3
Invok: Whirlwind         |       |       |    19 |    93 ||   112
       Lunge             |       |       |     3 |    37 ||    40
       Serpent's Lash    |       |       |       |     1 ||     1
 Abil: Wall Jump         |       |       |       |   107 ||   107
  Use: Scroll            |       |       |     2 |     5 ||     7
       Potion            |       |       |       |     1 ||     1
 Stab: Sleeping          |     3 |     2 |     1 |     1 ||     7
       Distracted        |       |     1 |     1 |       ||     2
Armor: Robe              |    11 |    57 |    49 |    46 ||   163
       Troll leather arm |       |       |       |    96 ||    96
Dodge: Dodged            |    27 |   106 |   111 |   315 ||   559
Block: Tower shield      |       |     1 |       |       ||     1

Table legend: (Time is in decaauts)
 A = Elapsed time spent in this place.
 B = Non-inter-level travel time spent in this place.
 C = Inter-level travel time spent in this place.
 D = Time resting spent in this place.
 E = Time spent auto-exploring this place.
 F = Levels seen in this place.
 G = Mean time per level.
                   A        B        C        D        E       F      G
               +--------+--------+--------+--------+--------+-----+--------+
         Total |  10821 |  10029 |    792 |    488 |   6776 |  14 |  772.9 |
       Dungeon |   9317 |   8601 |    716 |    488 |   5631 |  11 |  847.0 |
        Temple |    328 |    278 |     50 |      0 |    276 |   1 |  328.0 |
          Lair |   1175 |   1149 |     26 |      0 |    868 |   2 |  587.5 |
               +--------+--------+--------+--------+--------+-----+--------+

Top non-repeatable levels by time:
     D:8: 1330 daAuts
     D:9: 1246 daAuts
  Lair:1: 1152 daAuts
     D:7: 990 daAuts
     D:2: 859 daAuts
    D:10: 839 daAuts
     D:3: 790 daAuts
     D:6: 763 daAuts
     D:1: 731 daAuts
     D:4: 695 daAuts
     D:5: 659 daAuts
    D:11: 411 daAuts
  Temple: 328 daAuts
  Lair:2: 22 daAuts
